 Dungeon Crawl Stone Soup version 0.30.0-29-ga12c61a403 (webtiles) character file.

Game seed: 1150464027819617128

18 monsoonserge the Cudgeller (level 3, -5/31 HPs)
             Began as a Meteoran Cinder Acolyte on June 18, 2023.
             Was a High Priest of Ignis.
             Engulfed by a cloud of flame (11 damage)
             ... on level 1 of the Dungeon.
             The game lasted 00:02:10 (229 turns).

monsoonserge the Cudgeller (Meteoran Cinder Acolyte) Turns: 229, Time: 00:02:10

Health: -5/31      AC:  2    Str: 15    XL:     3   Next: 8%
Magic:  4/6        EV: 11    Int: 18    God:    Ignis [*****.]
Gold:   0          SH:  0    Dex:  9    Spells: 3/5 levels left

rFire   + . .        a - -1 mace (flame)
rCold   . . .        (no shield)
rNeg    . . .        b - +0 robe
rPois   .            (no helmet)
rElec   .            (no cloak)
rCorr   .            (no gloves)
SInv    .            (no boots)
Will    .....        (no amulet)
Stlth   +            (no ring)
HPRegen 0.25/turn    (no ring)
MPRegen 0.10/turn

%: no passive effects
@: glowing
A: sense surroundings 1, otherworldly, glowing, explore regen
a: Renounce Religion, Fiery Armour, Foxfire Swarm, Rising Flame


You were on level 1 of the Dungeon.
You worshipped Ignis.
Ignis was extremely pleased with you.
You visited 1 branch of the dungeon, and saw 1 of its levels.

Inventory:

Hand Weapons
 a - a -1 mace of flaming (weapon)
Armour
 b - a +0 robe (worn)
Scrolls
 c - a scroll of vulnerability {unknown}
 d - a scroll of fear {unknown}
 e - a scroll of poison {unknown}
 f - 2 scrolls of identify {unknown}
 g - a scroll of immolation {unknown}


   Skills:
 + Level 3.5 Fighting
 + Level 4.4 Maces & Flails
 + Level 0.2 Dodging
 + Level 1.6 Spellcasting
 + Level 4.0 Fire Magic


You had 3 spell levels left.
You knew the following spells:

 Your Spells              Type           Power      Damage    Failure   Level
a - Scorch                Fire           32%        2d6       5%          2

Your spell library contained the following spells:

 Spells                   Type           Power      Damage    Failure   Level
 Ensorcelled Hibernation  Hex/Ice        2%         N/A       28%         2
 Passwall                 Tmut/Erth      0%         N/A       28%         2
 Swiftness                Air            1%         N/A       50%         3


Dungeon Overview and Level Annotations

Branches:
Dungeon (1/15) Zot: 365

Altars:


Innate Abilities, Weirdness & Mutations

You passively map a small area around you.
You are easily found by Zot.
You glow in the dark.
You regain HP and MP as you explore.


Message History

Flames lash the endoplasm.
You kill the endoplasm!
You have reached level 3!
Your experience leads to an increase in your attributes!
Increase (S)trength, (I)ntelligence, or (D)exterity?
You feel clever. x3
g - a scroll labelled LEGING WU HOW
There are no items here.
A goblin comes into view. It is wielding a +0 club.
The goblin shouts!
Casting: Scorch (safe; 5% risk of failure)
Confirm with . or Enter, or press ? or * to list all spells.
You miscast Scorch.
You are very lightly contaminated with residual magic.
Nothing appears to happen.
Casting: Scorch (safe; 5% risk of failure)
Confirm with . or Enter, or press ? or * to list all spells.
Flames lash the goblin.
You kill the goblin!
Things that are here:
a +0 club; a goblin corpse Your magical contamination has completely faded away.
Found 19 gold pieces.
A giant cockroach comes into view.
Found 13 gold pieces.
Really walk into a travel-excluded area?
Found 3 stones.
Really walk into that cloud of flame?
You are engulfed in blazing flames.
You resist.
You barely miss the giant cockroach.
You are engulfed in blazing flames.
You resist. The giant cockroach closely misses you.
You hit the giant cockroach. You burn the giant cockroach.
The giant cockroach is moderately wounded.
You are engulfed in blazing flames.
You resist.
* * * LOW HITPOINT WARNING * * *
The giant cockroach is engulfed in blazing flames.
The giant cockroach dies!
A goblin comes into view. It is wielding a +0 dagger.
You are engulfed in blazing flames.
You resist.
You die...

............#########
..####.###### #.....#
#.# #..# ######.....##
#.# #.####...........###
#..##.##.).####.........
#.......### ##...####
....#.#### #§§°# ###...#
* #☼§○# * ##..# , #@☼○#
#..# * #...# #..# ,
,.$...§. * #...
,§.$...○§§. ,... , *
,.§...$.☼☼§. ,
####(..##### , #§§§# ,,
#g§§# ,


You could see a goblin (asleep).

Vanquished Creatures
  A bat (D:1)
  3 endoplasms (D:1)
  2 jackals (D:1)
  4 ball pythons (D:1)
  2 frilled lizards (D:1)
  4 goblins (D:1)
  A rat (D:1)
17 creatures vanquished.

Vanquished Creatures (others)
  A ball python (D:1)
  A giant cockroach (D:1)
2 creatures vanquished.

Grand Total: 19 creatures vanquished

Notes
Turn   | Place    | Note
-------+----------+-------------------------------------------
     0 | D:1      | monsoonserge the Meteoran Cinder Acolyte began the quest
                  | for the Orb.
     0 | D:1      | Reached XP level 1. HP: 19/19 MP: 3/3
    67 | D:1      | Reached XP level 2. HP: 20/26 MP: 5/5
    70 | D:1      | Learned a level 2 spell: Scorch
   199 | D:1      | Reached XP level 3. HP: 31/31 MP: 3/6
   229 | D:1      | Engulfed by a cloud of flame

Illustrated notes

Levels and vault maps discovered:
D:1:      erik_arrival_triangle_small, layout_rooms, minivault_27,
          lemuel_flame_loot_1

Skill      XL: |  1  2 |
---------------+-------+-----
Fire Magic     | 4 |  4.0
Fighting       | |  3.5
Maces & Flails | |  4.4
Dodging        | |  0.2
Spellcasting   | |  1.6

Action                     || total
---------------------------++-------
  Melee: Mace              ||    31
   Cast: Scorch            ||     7
 Armour: Robe              ||     4
  Dodge: Dodged            ||    18
